Map: Site Delta LE

Players

TerranYOUup - Winner!

  • Race: Terran Terran
  • League: Master
  • Spawn Location: 5:00

IIIIIIIII

  • Race: Protoss Protoss
  • League: Diamond
  • Spawn Location: 11:00

VOD

Have the link to the VOD?

Description

Time

  • Played on: Nov. 29, 2023, 8:11 p.m.
  • Length: 22:50
Show
View Real Time Build Order
Export as new Build Order

TerranYOUup Terran - Winner!

Build Orders: 2 Factory, Cyclone Opening 

Get SALT Encoding   

  12  0:01  SCV  
  13  0:13  SCV  
  14  0:17  Supply Depot  
  14  0:25  SCV  
  15  0:29  Refinery  
  15  0:38  SCV  
  16  0:45  Barracks  
  16  0:50  SCV  
  16  0:56  Refinery  
  17  1:03  SCV  
  18  1:15  SCV  
  19  1:27  SCV  
  19  1:32  Supply Depot  
  21  1:43  Factory  
  20  1:51  Orbital Command  
  19  2:05  Factory  
  19  2:17  SCV  
  19  2:18  Barracks Reactor  
  20  2:29  SCV  
  21  2:32  Cyclone  
  23  2:43  SCV  
  24  2:51  Supply Depot  
  24  2:53  Cyclone  
  24  2:56  SCV  
  27  3:10  Cyclone x2  
  31  3:24  Supply Depot  
  33  3:35  Factory Tech Lab  
  27  4:00  Siege Tank, Cyclone x2  
  32  4:03  Hurricane Engines  
  32  4:07  Armory  
  30  4:32  Cyclone  
  30  4:34  Cyclone  
  33  4:56  Thor  
  33  5:03  Command Center  
  33  5:06  Cyclone  
  35  5:23  Command Center  
  33  5:48  Thor  
  35  5:58  Factory Tech Lab  
  35  6:02  SCV  
  36  6:08  Engineering Bay  
  36  6:18  Thor  
  42  6:26  Orbital Command  
  42  6:37  Terran Vehicle Weapons Level 1  
  42  6:49  Missile Turret  
  42  6:51  Missile Turret  
  42  6:55  Orbital Command  
  42  6:56  SCV  
  42  6:58  Refinery x2  
  42  7:07  Siege Tank  
  46  7:08  SCV x2  
  47  7:20  SCV  
  47  7:21  SCV  
  49  7:23  SCV  
  50  7:32  SCV  
  50  7:33  SCV  
  50  7:35  Siege Tank, SCV  
  56  7:44  SCV  
  56  7:45  SCV  
  58  7:51  Orbital Command  
  45  8:02  Thor  
  51  8:05  Missile Turret  
  51  8:07  Missile Turret  
  51  8:18  SCV x2  
  51  8:19  SCV  
  54  8:20  Siege Tank  
  55  8:41  Missile Turret, SCV x3  
  57  8:42  Missile Turret  
  58  8:51  Barracks  
  58  8:54  SCV x3  
  61  9:06  SCV  
  62  9:12  Missile Turret, SCV x2  
  62  9:13  Missile Turret  
  64  9:18  SCV  
  64  9:19  Supply Depot  
  64  9:21  Supply Depot  
  65  9:24  SCV x2  
  65  9:30  SCV  
  68  9:36  SCV  
  69  9:41  SCV  
  69  9:42  SCV, Starport  
  69  9:43  Starport  
  69  9:45  Terran Vehicle Weapons Level 2, Supply Depot  
  71  9:46  Supply Depot x2  
  71  9:48  SCV  
  72  9:53  SCV  
  72  9:54  SCV  
  72  9:59  Factory  
  74  10:00  Factory  
  74  10:01  Factory  
  74  10:03  Factory  
  74  10:16  Factory  
  74  10:21  Armory  
  74  10:33  Missile Turret  
  74  10:34  Siege Tank x2  
  80  11:01  Sensor Tower  
  80  11:02  Factory Tech Lab, Refinery  
  80  11:03  Factory Tech Lab  
  80  11:04  Factory Reactor x3  
  80  11:05  Refinery, Infernal Pre-Igniter, Missile Turret  
  80  11:06  Missile Turret  
  80  11:07  Sensor Tower, SCV  
  80  11:08  SCV  
  82  11:12  Orbital Command  
  82  11:14  Terran Vehicle And Ship Armor Level 1  
  82  11:19  Starport  
  82  11:22  Starport  
  82  11:38  SCV x3  
  85  11:42  Widow Mine x5  
  85  11:43  Widow Mine  
  85  11:45  Drilling Claws  
  97  11:57  SCV x3  
  100  12:02  Supply Depot  
  100  12:03  Supply Depot  
  100  12:04  Supply Depot  
  100  12:05  Thor  
  100  12:07  Starport Reactor x2  
  106  12:09  Siege Tank  
  109  12:17  Command Center  
  109  12:26  Terran Vehicle Weapons Level 3  
  109  12:30  Widow Mine x2  
  109  12:31  Widow Mine  
  109  12:32  Widow Mine  
  109  12:34  Hellion  
  119  12:54  Viking x3  
  119  12:55  Viking  
  127  13:12  Thor  
  133  13:17  Supply Depot  
  133  13:19  Supply Depot  
  133  13:20  Supply Depot x2  
  133  13:25  Smart Servos  
  133  13:26  Hellion x4  
  141  13:29  Hellion x2  
  141  13:30  Viking x4  
  141  13:32  SCV x2  
  155  13:38  Refinery  
  155  13:42  Refinery  
  155  13:46  Sensor Tower  
  155  13:52  SCV x3  
  158  14:14  Terran Vehicle And Ship Armor Level 2  
  158  14:15  Thor  
  158  14:16  Thor, Sensor Tower  
  170  14:17  Hellion x2  
  170  14:22  Planetary Fortress  
  174  14:28  Missile Turret, SCV  
  174  14:29  Missile Turret  
  175  14:41  Command Center  
  175  14:44  Supply Depot  
  175  14:45  Supply Depot  
  175  14:47  Supply Depot  
  175  14:57  Viking  
  175  14:58  Viking  
  179  15:00  Command Center  
  150  15:21  Thor x3  
  150  15:22  Thor  
  150  15:23  Widow Mine  
  146  16:04  Thor x4, Hellion  
  146  16:05  Hellion x5  
  146  16:07  SCV x2  
  184  16:23  Planetary Fortress  
  184  16:27  Sensor Tower  
  173  16:40  Refinery  
  173  16:42  Hellion x4  
  173  16:44  Refinery  
  131  17:00  Thor x3  
  126  17:02  Widow Mine x5  
  116  17:34  Viking x4  
  124  17:50  Planetary Fortress  
  124  17:56  Command Center  
  124  17:58  Command Center  
  124  18:01  SCV x3  
  124  18:05  Terran Vehicle And Ship Armor Level 3  
  127  18:07  Terran Ship Weapons Level 1, Viking x3  
  127  18:08  Viking  
  127  18:10  Hellion x6  
  127  18:11  Hellion x4  
  155  18:17  Missile Turret  
  155  18:18  Missile Turret  
  155  18:20  Missile Turret  
  155  18:22  Sensor Tower  
  155  18:24  SCV x3  
  155  18:25  SCV x2  
  160  18:45  Viking x3  
  160  18:47  Thor  
  172  18:49  Hellion  
  172  18:55  Widow Mine x4  
  182  18:56  Widow Mine  
  184  19:05  Widow Mine x3  
  190  19:11  Widow Mine  
  190  19:14  Hellion x5  
  190  19:15  Command Center  
  190  19:16  Widow Mine  
  190  19:17  Widow Mine  
  194  19:38  Thor  
  167  20:12  Thor x3  
  167  20:13  Widow Mine x3  
  167  20:14  Widow Mine x3  
  171  20:21  Thor  
  163  20:34  Widow Mine  
  163  20:35  Hellion x5  
  131  20:55  Thor x3  
  131  20:56  Hellion x4  
  155  21:04  Thor  
  155  21:07  Planetary Fortress  
  155  21:08  SCV x3  
  155  21:09  SCV  
  165  21:14  Refinery  
  165  21:15  Sensor Tower  
  165  21:17  Refinery  
  165  21:26  Sensor Tower  
  165  21:30  Missile Turret x2  
  165  21:32  Missile Turret x2  
  165  21:37  Hellion x3  
  165  21:38  Viking x4, Hellion x3  
  185  21:42  Thor  
  185  21:44  Widow Mine  
  193  21:50  Hellion  
  177  22:17  Hellion  
  177  22:18  Hellion x3  
  191  22:26  Hellion x2  
Show
View Real Time Build Order
Export as new Build Order

IIIIIIIII Protoss 

Build Orders: Carriers 

Get SALT Encoding   

  12  0:00  Probe  
  13  0:12  Probe  
  14  0:19  Pylon  
  14  0:24  Probe (Chrono Boost)  
  15  0:39  Probe (Chrono Boost)  
  15  0:40  Gateway  
  16  0:44  Probe (Chrono Boost)  
  17  0:51  Assimilator  
  17  0:57  Probe  
  18  1:01  Assimilator  
  18  1:09  Probe  
  19  1:14  Pylon  
  19  1:21  Probe  
  20  1:29  Zealot  
  22  1:32  Cybernetics Core  
  22  1:36  Probe  
  23  1:48  Probe  
  23  1:54  Pylon  
  24  2:00  Probe  
  25  2:10  Stalker  
  25  2:12  Probe  
  25  2:15  Stargate  
  28  2:25  Forge  
  28  2:28  Warp Gate  
  28  2:30  Probe  
  29  2:57  Pylon  
  29  3:02  Pylon, Stalker  
  31  3:09  Void Ray (Chrono Boost)  
  35  3:20  Shield Battery  
  35  3:22  Shield Battery  
  35  3:36  Photon Cannon  
  35  3:43  Photon Cannon  
  37  4:05  Void Ray  
  37  4:23  Shield Battery  
  37  4:45  Void Ray (Chrono Boost)  
  37  4:49  Shield Battery  
  37  5:03  Shield Battery  
  37  5:14  Stalker  
  37  5:15  Gateway  
  37  5:17  Shield Battery  
  37  5:18  Void Ray (Chrono Boost)  
  47  5:54  Void Ray  
  43  6:05  Nexus  
  43  6:07  Pylon  
  43  6:08  Stalker  
  45  6:27  Probe  
  46  6:37  Pylon  
  46  6:39  Probe  
  51  6:40  Robotics Facility  
  51  6:41  Void Ray  
  51  6:50  Stalker  
  53  7:04  Stalker  
  53  7:06  Probe  
  56  7:11  Pylon  
  56  7:16  Stalker  
  56  7:18  Probe  
  59  7:25  Probe (Chrono Boost)  
  60  7:30  Probe (Chrono Boost)  
  62  7:37  Probe (Chrono Boost)  
  62  7:41  Probe (Chrono Boost)  
  62  7:44  Probe (Chrono Boost)  
  58  8:00  Stalker x2  
  58  8:01  Probe x2  
  58  8:02  Immortal  
  68  8:08  Assimilator  
  68  8:16  Probe x2  
  70  8:28  Probe  
  57  8:37  Stalker x2  
  57  8:38  Probe  
  57  8:40  Probe  
  63  8:42  Immortal  
  63  8:43  Assimilator  
  67  8:59  Nexus  
  67  9:08  Probe  
  68  9:17  Pylon  
  68  9:22  Immortal (Chrono Boost)  
  72  9:24  Stargate  
  72  9:32  Pylon  
  72  9:34  Robotics Facility  
  72  9:36  Pylon  
  72  9:41  Stalker  
  72  9:42  Stalker  
  72  9:44  Probe x2  
  78  9:53  Observer, Stargate  
  79  10:04  Probe  
  80  10:09  Fleet Beacon  
  80  10:12  Probe x2  
  82  10:16  Probe  
  83  10:23  Observer (Chrono Boost)  
  83  10:24  Observer (Chrono Boost), Probe x2  
  83  10:28  Assimilator, Probe  
  88  10:41  Immortal (Chrono Boost), Probe  
  88  10:42  Probe  
  90  10:46  Assimilator  
  90  10:48  Pylon  
  94  10:50  Pylon  
  94  10:54  Carrier  
  100  10:59  Probe  
  100  11:00  Observer, Probe  
  102  11:09  Carrier (Chrono Boost)  
  102  11:10  Pylon  
  108  11:29  Immortal x2  
  116  11:33  Probe x3  
  116  11:39  Protoss Air Weapons Level 1 (Chrono Boost), Shield Battery  
  119  11:51  Probe x2  
  119  11:53  Nexus  
  121  11:56  Carrier (Chrono Boost)  
  127  12:03  Stargate  
  127  12:14  Probe x3  
  130  12:16  Carrier (Chrono Boost), Protoss Shields Level 1 (Chrono Boost)  
  130  12:19  Pylon  
  136  12:29  Cybernetics Core  
  136  12:33  Probe  
  137  12:40  Probe x2  
  139  12:45  Assimilator  
  139  12:46  Carrier (Chrono Boost)  
  139  12:48  Pylon  
  139  12:49  Assimilator  
  145  13:02  Carrier (Chrono Boost), Observer x2  
  153  13:13  Probe x2, Forge  
  153  13:18  Protoss Air Armor Level 1 (Chrono Boost)  
  155  13:20  Photon Cannon  
  155  13:22  Shield Battery  
  155  13:24  Pylon  
  155  13:29  Carrier  
  155  13:32  Probe x2  
  155  13:33  Protoss Ground Weapons Level 1 (Chrono Boost)  
  163  13:35  Pylon  
  163  13:38  Protoss Air Weapons Level 2 (Chrono Boost)  
  163  13:47  Twilight Council  
  163  13:51  Carrier  
  169  14:09  Carrier  
  174  14:12  Pylon  
  174  14:16  Gateway  
  174  14:19  Gateway  
  174  14:29  Immortal  
  174  14:30  Templar Archives, Immortal  
  182  14:31  Pylon  
  182  14:32  Pylon  
  182  14:34  Pylon  
  182  14:35  Pylon  
  182  14:43  Probe x3  
  185  15:00  Nexus  
  185  15:01  Carrier  
  185  15:03  Pylon  
  185  15:05  Pylon  
  163  15:19  Stalker x2  
  163  15:20  Stalker  
  149  15:25  Immortal  
  149  15:27  Psionic Storm  
  153  15:36  Immortal  
  151  15:54  Carrier  
  157  15:57  High Templar  
  157  15:58  High Templar, Probe  
  157  16:04  High Templar  
  164  16:05  Probe x2  
  166  16:18  Immortal x2  
  174  16:30  Pylon  
  130  17:00  Stalker x2  
  130  17:01  Carrier, Stalker  
  124  17:02  Carrier x2  
  142  17:12  Gateway  
  142  17:13  Gateway  
  141  17:16  Gateway  
  141  17:20  Assimilator  
  129  17:43  Stalker x3  
  135  17:51  Assimilator  
  135  17:56  Protoss Shields Level 2 (Chrono Boost)  
  135  17:59  Protoss Ground Weapons Level 2 (Chrono Boost)  
  135  18:01  Immortal  
  135  18:02  Nexus, Immortal  
  135  18:04  Pylon  
  143  18:07  Pylon  
  143  18:09  Carrier (Chrono Boost)  
  143  18:10  Protoss Air Armor Level 2 (Chrono Boost)  
  143  18:12  Protoss Air Weapons Level 3 (Chrono Boost)  
  149  18:17  Probe x2  
  151  18:20  Carrier (Chrono Boost)  
  157  18:33  Carrier (Chrono Boost)  
  157  18:35  Pylon  
  163  18:47  Immortal x2  
  171  18:48  High Templar  
  171  18:49  High Templar  
  175  19:01  Photon Cannon  
  175  19:03  Shield Battery  
  175  19:04  Shield Battery  
  175  19:06  Photon Cannon  
  175  19:14  Carrier (Chrono Boost)  
  175  19:15  Nexus  
  175  19:16  Pylon  
  176  19:28  Carrier  
  150  19:50  Stalker x2  
  150  19:51  Stalker x2  
  150  19:52  Stalker  
  139  20:25  Archon  
  99  20:40  Probe  
  99  20:41  Probe x3  
  87  20:53  Probe x3  
  87  20:55  Stalker x3  
  96  21:01  Probe  
  97  21:05  Probe x3 (Chrono Boost)  
  97  21:10  Probe (Chrono Boost)  
  101  21:14  High Templar x3  
  101  21:17  Probe x2 (Chrono Boost)  
  111  21:21  Archon  
  111  21:22  Carrier  
  111  21:23  Probe x2 (Chrono Boost)  
  117  21:27  Probe (Chrono Boost)  
  117  21:29  Probe x2 (Chrono Boost)  
  117  21:30  Probe x2 (Chrono Boost)  
  122  21:41  Carrier  
  128  21:52  Probe  
  128  21:53  Probe  
  130  21:54  Immortal  
  130  21:58  Probe  
  125  22:22  Observer  
  116  22:27  Stalker x3  
  116  22:28  Zealot, Stalker  
  116  22:29  Stalker  
Tags
 
Add a new tag
Caveats
  • Supply blocks, unpowered buildings, or Contaminate may cause inaccurate times.
  • Supply counts are checked every 10 seconds.